[Event "Deutsche Schachbundesliga 2010/11"]
[Site "Germany"]
[Date "2010.12.11"]
[Round "5"]
[White "Berndt, Stephan"]
[Black "Acs, Peter"]
[Result "1/2-1/2"]
[ECO "C91"]
[WhiteElo "2442"]
[BlackElo "2601"]
[PlyCount "81"]
[EventDate "2010.??.??"]
[WhiteTeam "SF Berlin"]
[BlackTeam "SC Eppingen"]
[TimeControl "40/6000+30:20/3000+30:900+30"]

1. e4 e5 2. Nf3 Nc6 3. Bb5 a6 4. Ba4 Nf6 5. O-O Be7 6. Re1 b5 7. Bb3 d6 8. c3
O-O 9. d4 Bg4 10. Be3 Qc8 11. Nbd2 Na5 12. Bc2 c5 13. dxe5 dxe5 14. h3 Bxf3 15.
Qxf3 Rd8 16. Nf1 Qe6 17. Bg5 Ra7 18. Ne3 Nc4 19. Nxc4 bxc4 20. Rad1 Rad7 21.
Rxd7 h6 22. Red1 Rxd7 23. Bc1 Rxd1+ 24. Qxd1 Nd7 25. Qe2 Nb6 26. Be3 Kf8 27.
Qd2 Qd6 28. Qxd6 Bxd6 29. Kf1 Ke7 30. h4 Ke6 31. Ke2 Be7 32. g3 Bf8 33. Kd2 h5
34. Bd1 g6 35. Be2 Kd6 36. Kc2 Be7 37. b3 Kc6 38. Bf1 Bd8 39. Be2 Be7 40. Bf1
Bd8 41. Be2 1/2-1/2

[Event "Deutsche Schachbundesliga 2010/11"]
[Site "Germany"]
[Date "2010.12.11"]
[Round "5"]
[White "Bindrich, Falko"]
[Black "Schneider, Ilja"]
[Result "1-0"]
[ECO "B13"]
[WhiteElo "2507"]
[BlackElo "2519"]
[PlyCount "74"]
[EventDate "2010.??.??"]
[WhiteTeam "SC Eppingen"]
[BlackTeam "SF Berlin"]
[TimeControl "40/6000+30:20/3000+30:900+30"]

1. c4 c6 2. e4 d5 3. exd5 cxd5 4. d4 Nf6 5. Nc3 Nc6 6. Nf3 Bg4 7. cxd5 Nxd5 8.
Qb3 Bxf3 9. gxf3 e6 10. Qxb7 Nxd4 11. Bb5+ Nxb5 12. Qc6+ Ke7 13. Qxb5 Nxc3 14.
Qc5+ Qd6 15. Qxc3 Qa6 16. Be3 Rc8 17. Qd4 Ke8 18. Rd1 Qb5 19. a3 f6 20. Rg1 a6
21. Rg4 Rg8 22. Re4 Kf7 23. Qd7+ Qxd7 24. Rxd7+ Be7 25. Ra4 Ra8 26. Bc5 Rge8
27. Rb4 Rac8 28. Bd6 Rcd8 29. Rbb7 Rxd7 30. Rxd7 e5 31. Ra7 Ke6 32. Bxe7 Rxe7
33. Rxa6+ Kd5 34. Kd2 Rb7 35. Ra4 Rxb2+ 36. Kc3 Rb7 37. Rc4 Rc7 1-0

[Event "Deutsche Schachbundesliga 2010/11"]
[Site "Germany"]
[Date "2010.12.11"]
[Round "5"]
[White "Guliyev, Namig"]
[Black "Thiede, Lars"]
[Result "1/2-1/2"]
[ECO "B06"]
[WhiteElo "2510"]
[BlackElo "2445"]
[PlyCount "46"]
[EventDate "2010.??.??"]
[WhiteTeam "SC Eppingen"]
[BlackTeam "SF Berlin"]
[TimeControl "40/6000+30:20/3000+30:900+30"]

1. e4 g6 2. d4 Bg7 3. Nf3 d6 4. Bc4 Nf6 5. Qe2 O-O 6. e5 Ne8 7. h3 c5 8. c3 Nc6
9. O-O cxd4 10. cxd4 dxe5 11. dxe5 Nd4 12. Nxd4 Qxd4 13. Re1 Nc7 14. Bg5 Be6
15. Bxe6 Nxe6 16. Bxe7 Rfe8 17. Bd6 Nf4 18. Qd2 Qxd2 19. Nxd2 Nd3 20. Re4 Nxe5
21. Rae1 Red8 22. Bxe5 Bxe5 23. Rxe5 Rxd2 1/2-1/2

[Event "Deutsche Schachbundesliga 2010/11"]
[Site "Germany"]
[Date "2010.12.11"]
[Round "5"]
[White "Gyimesi, Zoltan"]
[Black "Polzin, Rainer"]
[Result "1-0"]
[ECO "E99"]
[WhiteElo "2595"]
[BlackElo "2494"]
[PlyCount "93"]
[EventDate "2010.??.??"]
[WhiteTeam "SC Eppingen"]
[BlackTeam "SF Berlin"]
[TimeControl "40/6000+30:20/3000+30:900+30"]

1. d4 Nf6 2. c4 g6 3. Nc3 Bg7 4. e4 d6 5. Nf3 O-O 6. Be2 e5 7. O-O Nc6 8. d5
Ne7 9. Ne1 Nd7 10. Nd3 f5 11. Bd2 Nf6 12. f3 f4 13. c5 g5 14. Rc1 Ng6 15. Nb5
Rf7 16. Ba5 b6 17. cxb6 cxb6 18. Be1 a6 19. Nc3 a5 20. Nb5 Bf8 21. Bf2 Rb8 22.
Rc4 h5 23. Qc2 Ba6 24. a4 g4 25. Rc1 g3 26. Be1 Nd7 27. b4 gxh2+ 28. Kh1 Rg7
29. Bf1 Be7 30. Rc6 Bxb5 31. axb5 axb4 32. Rc8 Rxc8 33. Qxc8 Nc5 34. Qxd8+ Bxd8
35. Ra1 b3 36. Ra8 Nb7 37. Kxh2 Kh7 38. Bf2 Rc7 39. Bxb6 Rc1 40. Ra7 Rxf1 41.
Bxd8 Rd1 42. Rxb7+ Kg8 43. Nb2 Rd2 44. Nc4 Rc2 45. Rc7 Nh4 46. Bxh4 b2 47. Nxb2
1-0

[Event "Deutsche Schachbundesliga 2010/11"]
[Site "Germany"]
[Date "2010.12.11"]
[Round "5"]
[White "Lauber, Arnd"]
[Black "Postny, Evgeny"]
[Result "1/2-1/2"]
[ECO "D26"]
[WhiteElo "2497"]
[BlackElo "2595"]
[PlyCount "74"]
[EventDate "2010.??.??"]
[WhiteTeam "SF Berlin"]
[BlackTeam "SC Eppingen"]
[TimeControl "40/6000+30:20/3000+30:900+30"]

1. d4 d5 2. c4 dxc4 3. Nf3 Nf6 4. e3 e6 5. Bxc4 a6 6. a4 b6 7. O-O Bb7 8. Nc3
c5 9. Qe2 Nbd7 10. Rd1 Qc7 11. d5 exd5 12. Nxd5 Nxd5 13. Bxd5 Bxd5 14. Rxd5 Be7
15. e4 O-O 16. e5 Qc6 17. Rd1 Rfe8 18. Bf4 Nf8 19. Bg5 Bxg5 20. Nxg5 Ng6 21.
Nf3 h6 22. h3 Qc7 23. Re1 Re6 24. Rac1 Qb7 25. Rc3 b5 26. axb5 axb5 27. Re3
Rae8 28. Qc2 c4 29. b3 Qd5 30. bxc4 bxc4 31. Rc3 Rc8 32. Re4 Nxe5 33. Nxe5 Rxe5
34. Rcxc4 Rxc4 35. Rxc4 Re1+ 36. Kh2 Qd6+ 37. g3 Re8 1/2-1/2

[Event "Deutsche Schachbundesliga 2010/11"]
[Site "Germany"]
[Date "2010.12.11"]
[Round "5"]
[White "Thinius, Marco"]
[Black "Mann, Christian"]
[Result "0-1"]
[ECO "C02"]
[WhiteElo "2367"]
[BlackElo "2444"]
[PlyCount "62"]
[EventDate "2010.??.??"]
[WhiteTeam "SF Berlin"]
[BlackTeam "SC Eppingen"]
[TimeControl "40/6000+30:20/3000+30:900+30"]

1. e4 e6 2. d4 d5 3. e5 c5 4. c3 Nc6 5. Nf3 f6 6. Bd3 Qc7 7. O-O Bd7 8. Re1
O-O-O 9. Bf4 h6 10. h4 g5 11. Bh2 f5 12. Bxf5 Qb6 13. Bh3 Qxb2 14. Nbd2 c4 15.
hxg5 Qxc3 16. Rc1 Qd3 17. Bf4 Be7 18. Nf1 Qg6 19. gxh6 Nxh6 20. Ne3 Rdf8 21.
Bg3 Rhg8 22. Nd2 Nb4 23. Ndxc4 dxc4 24. Rxc4+ Kb8 25. Qb3 Nc6 26. Rb1 Na5 27.
Qb2 Ba3 28. Qxa3 Qxb1+ 29. Rc1 Qb6 30. d5 Rc8 31. Rd1 Rxg3 0-1

[Event "Deutsche Schachbundesliga 2010/11"]
[Site "Germany"]
[Date "2010.12.11"]
[Round "5"]
[White "Bartel, Mateusz"]
[Black "Dgebuadze, Alexandre"]
[Result "1/2-1/2"]
[ECO "C06"]
[WhiteElo "2599"]
[BlackElo "2524"]
[PlyCount "54"]
[EventDate "2010.??.??"]
[WhiteTeam "Wattenscheid"]
[BlackTeam "SC Remagen"]
[TimeControl "40/6000+30:20/3000+30:900+30"]

1. e4 e6 2. d4 d5 3. Nd2 Nf6 4. e5 Nfd7 5. Bd3 c5 6. c3 Nc6 7. Ngf3 a6 8. Qe2
Qc7 9. a3 b5 10. O-O Be7 11. Re1 h6 12. dxc5 Nxc5 13. Bc2 a5 14. Nd4 Nxd4 15.
cxd4 Nd7 16. Bd3 b4 17. Nf3 bxa3 18. bxa3 Qa7 19. Bd2 Ba6 20. Bxa6 Qxa6 21.
Qxa6 Rxa6 22. Reb1 Nb6 23. Bxa5 Rxa5 24. Rxb6 O-O 25. a4 Rfa8 26. h4 Kf8 27. h5
Ke8 1/2-1/2

[Event "Deutsche Schachbundesliga 2010/11"]
[Site "Germany"]
[Date "2010.12.11"]
[Round "5"]
[White "Dinstuhl, Volkmar"]
[Black "Seel, Christian"]
[Result "1/2-1/2"]
[ECO "D93"]
[WhiteElo "2424"]
[BlackElo "2483"]
[PlyCount "95"]
[EventDate "2010.??.??"]
[WhiteTeam "Wattenscheid"]
[BlackTeam "SC Remagen"]
[TimeControl "40/6000+30:20/3000+30:900+30"]

1. d4 Nf6 2. c4 g6 3. Nc3 d5 4. Bf4 Bg7 5. e3 c5 6. dxc5 Qa5 7. Rc1 dxc4 8.
Bxc4 O-O 9. Nf3 Qxc5 10. Bb3 Nc6 11. O-O Qa5 12. Qe2 Bf5 13. Rfd1 Rad8 14. Rxd8
Rxd8 15. Rd1 h6 16. Rxd8+ Qxd8 17. Ne5 Nxe5 18. Bxe5 Qd7 19. Bd4 a6 20. h3 Be6
21. Bxe6 Qxe6 22. Qf3 Qd7 23. Qf4 Ne8 24. Bxg7 Kxg7 25. g4 f6 26. a4 Nc7 27.
Qc4 Ne6 28. Kg2 h5 29. Ne4 hxg4 30. hxg4 b5 31. axb5 axb5 32. Qb4 Kf7 33. f3
Qd3 34. Kf2 f5 35. gxf5 gxf5 36. Nd2 f4 37. exf4 Nd4 38. Kg3 Nf5+ 39. Kh3 Ne3
40. Qb3+ Qxb3 41. Nxb3 Nc4 42. Nd4 Nxb2 43. Nxb5 Nd3 44. Kg4 Kf6 45. Nc3 Nf2+
46. Kg3 Nd3 47. Kg4 Nf2+ 48. Kg3 1/2-1/2

[Event "Deutsche Schachbundesliga 2010/11"]
[Site "Germany"]
[Date "2010.12.11"]
[Round "5"]
[White "Handke, Florian"]
[Black "Teske, Henrik"]
[Result "1/2-1/2"]
[ECO "D41"]
[WhiteElo "2494"]
[BlackElo "2522"]
[PlyCount "40"]
[EventDate "2010.??.??"]
[WhiteTeam "Wattenscheid"]
[BlackTeam "SC Remagen"]
[TimeControl "40/6000+30:20/3000+30:900+30"]

1. d4 Nf6 2. c4 e6 3. Nc3 d5 4. cxd5 Nxd5 5. e4 Nxc3 6. bxc3 c5 7. Nf3 cxd4 8.
cxd4 Bb4+ 9. Bd2 Be7 10. Bb5+ Bd7 11. Bd3 O-O 12. O-O Bc6 13. Be3 Qa5 14. Ne5
Rd8 15. Rb1 Nd7 16. Nc4 Qc7 17. d5 b5 18. dxc6 bxc4 19. cxd7 Rxd7 20. Rc1 Qd8
1/2-1/2

[Event "Deutsche Schachbundesliga 2010/11"]
[Site "Germany"]
[Date "2010.12.11"]
[Round "5"]
[White "Michiels, Bart"]
[Black "Appel, Ralf"]
[Result "1/2-1/2"]
[ECO "B04"]
[WhiteElo "2459"]
[BlackElo "2547"]
[PlyCount "83"]
[EventDate "2010.??.??"]
[WhiteTeam "SC Remagen"]
[BlackTeam "Wattenscheid"]
[TimeControl "40/6000+30:20/3000+30:900+30"]

1. e4 Nf6 2. e5 Nd5 3. d4 d6 4. Nf3 c6 5. c4 Nb6 6. Nc3 Bf5 7. Nh4 Bc8 8. Nf3
dxe5 9. Nxe5 N8d7 10. Nf3 Nf6 11. Be2 Bg4 12. b3 e6 13. O-O Bb4 14. Bb2 O-O 15.
h3 Bh5 16. Ne5 Bxe2 17. Qxe2 Nc8 18. Rad1 Ne7 19. Ne4 Nxe4 20. Qxe4 Qa5 21. a3
Bd6 22. Rd3 Rad8 23. Rfd1 Bb8 24. a4 Rfe8 25. g3 f6 26. Nf3 Qf5 27. Qxf5 Nxf5
28. Ne1 h5 29. Ng2 Kf7 30. Ne3 Nd6 31. Ba3 Ne4 32. Kg2 h4 33. g4 Rd7 34. d5
exd5 35. cxd5 Red8 36. Bb4 Be5 37. f3 Ng5 38. Be1 Bf4 39. Bxh4 Bxe3 40. Rxe3
Rxd5 41. Rxd5 Rxd5 42. Bxg5 1/2-1/2

[Event "Deutsche Schachbundesliga 2010/11"]
[Site "Germany"]
[Date "2010.12.11"]
[Round "5"]
[White "Parligras, Mircea-Emilian"]
[Black "Najer, Evgeniy"]
[Result "1/2-1/2"]
[ECO "D11"]
[WhiteElo "2601"]
[BlackElo "2657"]
[PlyCount "63"]
[EventDate "2010.??.??"]
[WhiteTeam "SC Remagen"]
[BlackTeam "Wattenscheid"]
[TimeControl "40/6000+30:20/3000+30:900+30"]

1. d4 d5 2. c4 c6 3. Nf3 Nf6 4. e3 Bg4 5. h3 Bh5 6. Qb3 Qb6 7. Nc3 e6 8. Ne5
Nfd7 9. Nd3 Na6 10. Qxb6 axb6 11. Nf4 Bg6 12. Nxg6 hxg6 13. Bd2 Nb4 14. Rc1
dxc4 15. Bxc4 b5 16. Be2 Nb6 17. a3 N4d5 18. e4 Nxc3 19. Rxc3 Ra4 20. Be3 Nc4
21. Bxc4 bxc4 22. Ke2 b5 23. Rhc1 Bd6 24. b3 cxb3 25. Rxb3 Kd7 26. d5 exd5 27.
exd5 cxd5 28. Rxb5 d4 29. Bd2 Rxa3 30. Rd5 Ra4 31. Kd3 Rh5 32. Rxd4 1/2-1/2

[Event "Deutsche Schachbundesliga 2010/11"]
[Site "Germany"]
[Date "2010.12.11"]
[Round "5"]
[White "Popovic, Petar"]
[Black "Hirneise, Tobias"]
[Result "0-1"]
[ECO "B70"]
[WhiteElo "2495"]
[BlackElo "2436"]
[PlyCount "116"]
[EventDate "2010.??.??"]
[WhiteTeam "SC Remagen"]
[BlackTeam "Wattenscheid"]
[TimeControl "40/6000+30:20/3000+30:900+30"]

1. e4 c5 2. Nf3 Nc6 3. d4 cxd4 4. Nxd4 Nf6 5. Nc3 d6 6. g3 g6 7. Nde2 h5 8. h3
Bd7 9. Bg2 Qc8 10. b3 Bg7 11. Bb2 O-O 12. Rb1 a5 13. a3 Re8 14. Nf4 Ne5 15. O-O
Ra6 16. Ncd5 Nxd5 17. exd5 Bf5 18. Qe2 Qxc2 19. Qb5 Qc8 20. Rbc1 Qd7 21. Qe2
Raa8 22. a4 Rac8 23. Qd2 b5 24. Qxa5 bxa4 25. Qxa4 Qxa4 26. bxa4 Ra8 27. Ra1
Reb8 28. Bc3 Rb3 29. Bxe5 Bxe5 30. Ra2 Rb4 31. a5 Rb5 32. a6 Rb6 33. Ne2 Rbxa6
34. Rxa6 Rxa6 35. Rd1 Ra3 36. Nd4 Rd3 37. Rxd3 Bxd3 38. Nc6 Bf6 39. f4 Kf8 40.
Kf2 Ke8 41. Ke3 Bc4 42. Nd4 Kd7 43. f5 gxf5 44. Nxf5 e6 45. dxe6+ fxe6 46. Nd4
e5 47. Nc2 h4 48. gxh4 Bxh4 49. Nb4 Ke6 50. Be4 d5 51. Bh7 Kd6 52. Bg6 Bf1 53.
Bf5 Bg2 54. Nc2 Kc5 55. Ke2 e4 56. Ke3 Bg5+ 57. Kf2 Bf3 58. Kg3 Bd2 0-1

[Event "Deutsche Schachbundesliga 2010/11"]
[Site "Germany"]
[Date "2010.12.11"]
[Round "5"]
[White "Rustemov, Alexander"]
[Black "Bok, Benjamin"]
[Result "1/2-1/2"]
[ECO "D76"]
[WhiteElo "2541"]
[BlackElo "2453"]
[PlyCount "218"]
[EventDate "2010.??.??"]
[WhiteTeam "Wattenscheid"]
[BlackTeam "SC Remagen"]
[TimeControl "40/6000+30:20/3000+30:900+30"]

1. d4 Nf6 2. Nf3 g6 3. c4 Bg7 4. g3 d5 5. cxd5 Nxd5 6. Bg2 Nb6 7. O-O Nc6 8. e3
O-O 9. Nc3 Re8 10. Re1 a5 11. h3 a4 12. Rb1 Ra5 13. Bd2 e5 14. Ne2 Ra8 15. Nxe5
Nxe5 16. dxe5 Nc4 17. Bc3 Nxe5 18. Qxd8 Rxd8 19. Rbd1 Be6 20. Nf4 Bxa2 21. Bxb7
Rab8 22. Be4 Nc4 23. Rxd8+ Rxd8 24. Bxg7 Kxg7 25. Bd5 Bb3 26. Bxc4 Bxc4 27. Ne2
Rd2 28. Nc3 Bb3 29. Ra1 Rxb2 30. Nxa4 Rc2 31. g4 Bd5 32. Ra3 Rc1+ 33. Kh2 g5
34. f4 Rc2+ 35. Kg1 h6 36. fxg5 hxg5 37. Rc3 Rg2+ 38. Kf1 Ra2 39. Rc5 Bg2+ 40.
Kg1 Kg6 41. Nc3 Rc2 42. Rxc7 Bxh3 43. Rc6+ Kg7 44. Rc4 Kg6 45. Rc6+ f6 46. Nd5
Rxc6 47. Ne7+ Kf7 48. Nxc6 Bxg4 49. Nd4 Ke7 50. Kf2 Kd6 51. Nb5+ Kc5 52. Nd4
Kd5 53. Nb5 Kc5 54. Nd4 Kc4 55. Nc6 Kd5 56. Nd4 Ke4 57. Nb5 Bd7 58. Nc3+ Kf5
59. Kg3 Be6 60. Kf3 Bc4 61. Kg3 Bd3 62. Kf3 Ke5 63. Kf2 Ke6 64. Kf3 Kd6 65. Nd1
Bc2 66. Nf2 Bg6 67. Kg3 Kd5 68. Ng4 Ke6 69. Nf2 Kf5 70. Kf3 Bh5+ 71. Kg3 Be2
72. Kg2 Ke5 73. Kg3 Kf5 74. Kg2 Ke6 75. Kg3 Ke5 76. Kg2 Ba6 77. Ng4+ Ke6 78.
Nf2 Bb5 79. Kg3 Bf1 80. Nd1 Ke5 81. Nc3 Bc4 82. Kf3 f5 83. Kg3 Kd6 84. Nd1 Ke5
85. Nf2 Bf1 86. Kh2 Kf6 87. Kg1 Ba6 88. Kg2 Bb5 89. Kg3 Bc4 90. Nd1 Be2 91. Nc3
Bh5 92. Kf2 Ke5 93. Kg3 Kd6 94. Nb5+ Ke5 95. Nc3 Ke6 96. Kf2 Kd6 97. Nb5+ Kd5
98. Nd4 Ke5 99. Kg3 f4+ 100. Kf2 g4 101. Ne2 f3 102. Ng3 Bg6 103. Nh1 Kf5 104.
Kg3 Ke4 105. Nf2+ Kxe3 106. Nxg4+ Ke2 107. Nf2 Bf5 108. Nh1 Ke3 109. Nf2 Be6
1/2-1/2

[Event "Deutsche Schachbundesliga 2010/11"]
[Site "Germany"]
[Date "2010.12.11"]
[Round "5"]
[White "Swinkels, Robin"]
[Black "Bogner, Sebastian"]
[Result "0-1"]
[ECO "D11"]
[WhiteElo "2478"]
[BlackElo "2549"]
[PlyCount "80"]
[EventDate "2010.??.??"]
[WhiteTeam "SC Remagen"]
[BlackTeam "Wattenscheid"]
[TimeControl "40/6000+30:20/3000+30:900+30"]

1. d4 d5 2. c4 c6 3. Nf3 Nf6 4. e3 a6 5. Bd3 Bg4 6. Nbd2 Nbd7 7. Qc2 dxc4 8.
Nxc4 Bxf3 9. gxf3 e6 10. Bd2 c5 11. dxc5 Bxc5 12. Bc3 Rc8 13. Rg1 b5 14. Nd2
Bb4 15. Rxg7 Ne5 16. Ke2 Bxc3 17. bxc3 Nd5 18. Ne4 f5 19. Rag1 fxe4 20. Bxe4
Nxc3+ 21. Ke1 Rf8 22. f4 Nxe4 23. Qxe4 Qd3 24. Qxd3 Nxd3+ 25. Ke2 Nb4 26. Rb7
Rc2+ 27. Kf3 Nc6 28. Rgg7 Ne5+ 29. Kg3 Nf7 30. e4 Rxa2 31. e5 Rd2 32. f5 Rd7
33. Rb6 Nd8 34. Rxd7 Kxd7 35. f6 Nc6 36. Kf4 Rb8 37. Rxa6 b4 38. Kg5 Nxe5 39.
Ra7+ Kd6 40. f4 Nd7 0-1